 Dungeon Crawl Stone Soup version 0.18-a0-1805-g8ab820f (webtiles) character file.

182 varam the Covered (level 5, 0/32 HPs)
             Began as a Gargoyle Fighter on Apr 26, 2016.
             Killed from afar by an orc wizard (6 damage)
             ... with a magic dart
             ... on level 3 of the Dungeon.
             The game lasted 00:05:05 (1945 turns).

varam the Covered (Gargoyle Fighter)                Turns: 1945, Time: 00:05:05

Health: 0/32       AC: 16    Str: 20    XL:     5   Next: 61%
Magic:  5/5        EV:  3    Int:  9    God:
Gold:   162        SH: 13    Dex:  9    Spells: 0 memorised, 4 levels left

rFire  . . .     SeeInvis .     a - +0 flail
rCold  . . .     Gourm    .     y - +0 plate armour
rNeg   + . .     Faith    .     c - +0 shield
rPois  ∞         Spirit   .     (no helmet)
rElec  +         Dismiss  .     (no cloak)
rCorr  .         Reflect  +     (no gloves)
SustAt .         Harm     .     (no boots)
MR     .....                    m - +4 amulet of reflection
Stlth  ..........               (no ring)
                                (no ring)

@: not resistant to hostile enchantments, extremely unstealthy
A: negative energy resistance 1, electricity resistance, unbreathing,
petrification resistance, rot immunity, AC +4
a: no special abilities


You were on level 3 of the Dungeon.
You were not hungry.

You visited 1 branch of the dungeon, and saw 3 of its levels.

You collected 162 gold pieces.

Inventory:

Hand Weapons
 a - a +0 flail (weapon)
 g - a +0 whip
Armour
 b - a +0 scale mail
 c - a +0 shield (worn)
 y - a +0 plate armour (worn)
Jewellery
 m - a +4 amulet of reflection (around neck)
 o - an uncursed amulet of magic regeneration
Scrolls
 k - 2 scrolls of magic mapping {unknown}
 r - a scroll of enchant armour {unknown}
 t - a scroll of noise {unknown}
 u - a scroll of teleportation {unknown}
 v - a scroll of recharging {unknown}
 w - a scroll of identify {unknown}
Potions
 d - 2 potions of might
 e - 3 potions of agility {unknown}
 h - 3 potions of degeneration {unknown}
 j - a potion of brilliance {unknown}
 n - a potion of invisibility {unknown}
 p - 3 potions of haste {unknown}
 q - a potion of beneficial mutation {unknown}
 s - a potion of berserk rage {unknown}
 x - a potion of curing {unknown}
Comestibles
 f - 2 bread rations
 i - 4 meat rations
 l - 2 slices of pizza


   Skills:
 - Level 3.2 Fighting
 * Level 4.6 Maces & Flails
 + Level 4.7 Armour
 - Level 3.2 Shields


You had 4 spell levels left.
You didn't know any spells.

Dungeon Overview and Level Annotations

Branches:
Dungeon (3/15)

Altars:
Trog


Innate Abilities, Weirdness & Mutations

You are resistant to torment.
Your stone body is resilient (AC +4).
You are immune to poison.
You resist negative energy.
You are resistant to electric shocks.
You can survive without breathing.
You are immune to petrification.
You are immune to rotting.


Message History

The orc wizard hits you but does no damage. x2
The rat bites you but does no damage.
Your shield and plate armour prevent you from hitting the orc wizard.
The orc wizard is heavily wounded.
The orc wizard hits you but does no damage.
You block the rat's attack.
The orc wizard points at you and mumbles some strange words.
The magic dart hits you!
* * * LOW HITPOINT WARNING * * *
You miss the orc wizard.
The orc wizard is heavily wounded.
You block the orc wizard's attack. The rat bites you.
* * * LOW HITPOINT WARNING * * *
You block the orc wizard's attack. You block the orc wizard's attack.
You block the rat's attack.
The orc wizard hits you but does no damage.
You block the orc wizard's attack.
The orc wizard gestures at you while chanting.
The magic dart hits you!
You die...

######
##########....################
#........')r.@'...............
###o########so..################
#.o..o..# #....# #.......
#.o.....# #....# #####.......
#..s$...# #....# #...........
#...o....# #....# #...........
#.....#### #....# #....#######
#.....# #....# #....# #...%..
#....#####[...#


You could see an orc wizard, a giant cockroach and a rat.

Vanquished Creatures
  2 orc priests (D:3)
  3 adders
  3 worms
  4 dart slugs
  2 giant geckos
  2 orcs (D:3)
  A giant cockroach (D:1)
  4 goblins
  6 hobgoblins
  13 jackals
  8 kobolds
  2 quokkas (D:3)
  A ball python (D:3)
  8 bats
  5 giant newts
  7 rats
71 creatures vanquished.

Notes
Turn   | Place    | Note
--------------------------------------------------------------
     0 | D:1      | varam the Gargoyle Fighter began the quest for the Orb.
     0 | D:1      | Reached XP level 1. HP: 14/14 MP: 1/1
    73 | D:1      | Reached XP level 2. HP: 17/19 MP: 2/2
   321 | D:1      | Reached XP level 3. HP: 16/23 MP: 3/3
   572 | D:1      | Found a bloodstained altar of Trog.
   752 | D:2      | Found a faded altar to an unknown god.
   902 | D:2      | Reached XP level 4. HP: 20/28 MP: 4/4
  1854 | D:3      | Reached XP level 5. HP: 32/32 MP: 5/5
  1945 | D:3      | Killed from afar by an orc wizard

Vault maps used:
D:1:      dpeg_arrival_water_altar, minmay_misc_feat_encased, roderic_whirl
D:2:      ecumenical_altar_2
D:3:      hex_large, kennysheep_generic_room_7

Skill      XL: |  1  2  3  4 |
---------------+-------------+-----
Maces & Flails | 3 4 |  4.6
Armour         | 4 |  4.7
Fighting       | |  3.2
Shields        | |  3.2

Action                   |  1- 3 |  4- 6 || total
-------------------------+-------+-------++-------
Melee: Flail             |   162 |   126 ||   288
  Eat: Chunk             |       |     4 ||     4
Armor: Scale mail        |    82 |    59 ||   141
       Plate armour      |       |    22 ||    22
Dodge: Dodged            |    68 |    41 ||   109
Block: Shield            |   134 |   109 ||   243
       Reflection        |     3 |       ||     3
